 Dungeon Crawl Stone Soup version 0.27.1-36-g1b1ada6b1e (webtiles) character file.

Game seed: 10666871208197269225

924 Oxelix the Cleaver (level 7, -3/66 HPs)
             Began as a Minotaur Berserker on Feb 12, 2023.
             Was a Priest of Trog.
             Slain by a wraith (11 damage)
             ... on level 4 of the Dungeon.
             The game lasted 00:05:24 (3931 turns).

Oxelix the Cleaver (Minotaur Berserker)             Turns: 3931, Time: 00:05:24

Health: -3/66      AC:  8    Str: 24    XL:     7   Next: 84%
Magic:  6/6        EV:  8    Int:  4    God:    Trog [***...]
Gold:   164        SH:  0    Dex:  9    Spells: 6/6 levels left

rFire    . . .     SeeInvis .   a - +0 hand axe
rCold    . . .     Faith    +   (no shield)
rNeg     . . .     Spirit   .   g - +0 chain mail
rPois    .         Reflect  .   (helmet restricted)
rElec    .         Harm     .   (no cloak)
rCorr    .         Rampage  .   (no gloves)
Will     .....                  (no boots)
Stlth    ..........             c - amulet of faith
HPRegen  0.21/turn              (no ring)
MPRegen  0.10/turn              (no ring)

@: on berserk cooldown, slowed, very slow
A: horns 2, retaliatory headbutt
a: Renounce Religion, Berserk, Trog's Hand


You were on level 4 of the Dungeon.
You worshipped Trog.
Trog was most pleased with you.
You visited 1 branch of the dungeon, and saw 5 of its levels.
You also visited: Sewer.

You collected 164 gold pieces.

Inventory:

Hand Weapons
 a - a +0 hand axe (weapon)
Missiles
 i - 2 throwing nets (quivered)
Armour
 g - a +0 chain mail (worn)
Jewellery
 c - an amulet of faith (around neck)
Wands
 l - a wand of flame (25)
Scrolls
 d - a scroll of enchant weapon {unknown}
 e - 4 scrolls of identify {unknown}
 h - a scroll of holy word {unknown}
 j - 3 scrolls of fog {unknown}
 k - 2 scrolls of fear {unknown}
 m - a scroll of magic mapping {unknown}
 n - a scroll of teleportation {unknown}
 o - 2 scrolls of noise {unknown}
 p - a scroll of blinking {unknown}
 t - a scroll of immolation {unknown}
Potions
 q - a potion of brilliance {unknown}
 r - a potion of flight {unknown}
 s - a potion of haste {unknown}


   Skills:
 + Level 7.3 Fighting
 * Level 9.4 Axes
 - Level 2.4 Armour
 - Level 2.1 Dodging


You had 6 spell levels left.
You didn't know any spells.
Your spell library was empty.

Dungeon Overview and Level Annotations

Branches:
Dungeon (5/15)              Sewer (visited)
 Temple: D:4-7

Altars:
Ashenzari
Sif Muna


Innate Abilities, Weirdness & Mutations

You have a pair of horns on your head.
You reflexively headbutt those who attack you in melee.


Message History

You feel very sick.
Something hits you but does no damage. x2; The wraith barely misses you.
Something hits you but does no damage.
You barely miss the wraith. You closely miss something. You hit something.
You feel sick. Something completely misses you. The wraith barely misses you.
Something hits you.
* * * LOW HITPOINT WARNING * * *
Something hits you but does no damage.
You feel sick. The wraith completely misses you.
You feel sick.
There is a stone staircase leading up here.
You feel sick.
You are no longer poisoned.
The wraith hits you but does no damage. The wraith hits you!
* * * LOW HITPOINT WARNING * * *
You climb upwards.
Reactivating autopickup.
There is a stone staircase leading down here.
It was a potion of ambrosia.
You are confused.
You feel invigorated. The wraith hits you.
* * * LOW HITPOINT WARNING * * *
The wraith drains your vigour!
You feel as though you will be slow longer.
You miss the wraith. Your headbutt misses the wraith.
The wraith barely misses you.
You hit the wraith but do no damage. The wraith hits you!
* * * LOW HITPOINT WARNING * * *
The wraith hits you.
* * * LOW HITPOINT WARNING * * *
The wraith drains your vigour!
You feel as though you will be slow longer.
The wraith hits you.
* * * LOW HITPOINT WARNING * * *
The wraith drains your vigour!
You feel as though you will be slow longer.
You feel less invigorated.
You feel less confused. The wraith hits you!
You die...

#####......................######
.................#........)#
.................#.........#
.................#.........######
.............(...#.........##....
.................##.##....###....
.................#######..# #....
...................#......###....
....)...........@#.#.###.........
...............W.#.#.....####.###
................>#.#####.# #.# #
.....##.#......###.# #.####.# #
............)......#####......###
#.##.##....##.###................
..##.##.#..........#.###.########
.....##....#...##..#.###.######
........#.....................#


You could see a wraith.

Vanquished Creatures
  Purgy (Sewer)
  An ogre (D:4)
  2 necrophages (D:4)
  2 scorpions
  A centaur skeleton (D:4)
  A hound (D:5)
  Crazy Yiuf (D:3)
  An orc priest (D:5)
  An iguana (D:5)
  2 orc wizards
  A howler monkey skeleton (D:4)
  7 gnolls
  8 adders
  A shadow imp (D:5)
  A white imp (D:5)
  2 dart slugs
  6 orcs
  11 ball pythons
  2 endoplasms
  A giant cockroach (D:1)
  10 goblins
  4 hobgoblins
  3 jackals (D:3)
  9 kobolds
  A quokka (D:4)
  8 bats
  4 frilled lizards (Sewer)
  3 rats
95 creatures vanquished.

Notes
Turn   | Place    | Note
-------+----------+-------------------------------------------
     0 | D:1      | Oxelix the Minotaur Berserker began the quest for the Orb.
     0 | D:1      | Reached XP level 1. HP: 19/19 MP: 0/0
   113 | D:1      | Reached skill level 4 in Axes
   113 | D:1      | Reached XP level 2. HP: 10/27 MP: 1/1
   932 | D:2      | Reached ** piety under Trog
   937 | D:2      | Reached XP level 3. HP: 16/34 MP: 2/2
   944 | D:2      | Reached skill level 5 in Axes
   964 | D:2      | HP: 1/34 [goblin/stone (5)]
  1412 | D:2      | Reached XP level 4. HP: 36/41 MP: 3/3
  1856 | D:2      | Found a shimmering blue altar of Sif Muna.
  1918 | D:2      | Found a faded altar of an unknown god.
  2095 | D:3      | Found a glowing drain.
  2109 | D:3      | Reached skill level 5 in Fighting
  2125 | Sewer    | Entered a sewer
  2167 | Sewer    | Noticed Purgy
  2180 | Sewer    | Killed Purgy
  2181 | Sewer    | Reached skill level 6 in Axes
  2181 | Sewer    | Reached XP level 5. HP: 45/48 MP: 4/4
  2450 | D:3      | Found a runed translucent door.
  2451 | D:3      | Noticed Crazy Yiuf
  2741 | D:3      | Killed Crazy Yiuf
  2742 | D:3      | Reached XP level 6. HP: 56/56 MP: 5/5
  2834 | D:4      | Reached skill level 7 in Axes
  2842 | D:4      | Reached *** piety under Trog
  3141 | D:4      | Reached skill level 8 in Axes
  3141 | D:4      | Reached XP level 7. HP: 61/64 MP: 6/6
  3487 | D:4      | Found a broken altar of Ashenzari.
  3683 | D:5      | Entered Level 5 of the Dungeon
  3717 | D:5      | Reached skill level 9 in Axes
  3901 | D:5      | Noticed a wraith
  3925 | D:5      | HP: 1/66 [wraith (12)]
  3930 | D:4      | HP: 3/66 [wraith (1)]
  3931 | D:4      | Slain by a wraith

Illustrated notes

Levels and vault maps discovered:
D:1:      lightli_arrival_noodles, layout_basic, hex_large
D:2:      layout_basic, basic_altar, chequers_ecumenical_altar_simple,
          item_on_display_a
D:3:      layout_rooms, cheibrodos_sewer_entry_sluice, uniq_crazy_yiuf_cottage
D:4:      layout_basic, marbit_many_paths
D:5:      layout_rooms, nicolae_zen_rock_garden

Skill      XL: |  1  2  3  4  5  6  7 |
---------------+----------------------+-----
Fighting       | 4 5 6 7 |  7.3
Axes           | 4 5 6 8 9 |  9.4
Armour         | |  2.4
Dodging        | |  2.1

Action                   |  1- 3 |  4- 6 |  7- 9 || total
-------------------------+-------+-------+-------++-------
Melee: Hand axe          |    58 |    95 |    93 ||   246
       Headbutt          |     4 |    16 |     8 ||    28
Invok: Berserk           |     2 |     3 |     1 ||     6
  Use: Potion            |       |     3 |     5 ||     8
Armor: Animal skin       |    10 |       |       ||    10
       Ring mail         |    10 |    19 |       ||    29
       Chain mail        |       |    22 |    57 ||    79
Dodge: Dodged            |    56 |    62 |    50 ||   168
